 Dungeon Crawl Stone Soup version 0.32-a0-929-g5c35ed9 (webtiles) character file.

Game seed: 2278908978285997804

7 neetthing the Insei (level 1, -1/18 HPs)
             Began as a Demonspawn Monk on Apr 12, 2024.
             Slain by a kobold
             ... wielding a +0 dagger
              (3 damage)
             ... on level 2 of the Dungeon.
             The game lasted 00:00:20 (652 turns).

neetthing the Insei (Demonspawn Monk)                Turns: 652, Time: 00:00:21

Health: -1/18      AC:  2    Str: 11    XL:     1   Next: 91%
Magic:  1/1        EV: 11    Int: 10    God:
Gold:   37         SH:  0    Dex: 15    Spells: 0/0 levels left

rFire   . .          .
                       - Unarmed
rCold   . . .        c - orb {light}
rNeg    . . .        a - +0 robe
rPois   .            (no helmet)
rElec   .            (no cloak)
rCorr   .            (no gloves)
SInv    .            (no boots)
Will    .....        (no amulet)
Stlth   +            (no ring)
HPRegen 0.23/turn    (no ring)
MPRegen 0.07/turn

%: no passive effects
@: glowing
A: no striking features
a: no special abilities


You were on level 2 of the Dungeon.
You visited 1 branch of the dungeon, and saw 2 of its levels.

You collected 37 gold pieces.

Inventory:

Armour
 a - a +0 robe (worn)
 c - an orb of light (worn)
Scrolls
 d - 2 scrolls of blinking {unknown}
 f - a scroll of teleportation {unknown}
 g - a scroll of fog {unknown}
 h - a scroll of brand weapon {unknown}
Potions
 b - a potion of ambrosia
 e - a potion of mutation {unknown}
 i - a potion of brilliance {unknown}


   Skills:
 - Level 3.0 Fighting
 - Level 2.6 Dodging
 * Level 3.2 Unarmed Combat


You couldn't memorise any spells.
You didn't know any spells.
Your spell library was empty.

Dungeon Overview and Level Annotations

Branches:
Dungeon (2/15)

Altars:


Message History

The kobold is severely wounded.
The goblin closely misses you. The kobold barely misses you.
You hit the kobold but do no damage.
The kobold is severely wounded.
The goblin hits you with a +0 dagger. The kobold barely misses you.
You closely miss the kobold.
The kobold is severely wounded.
The goblin hits you with a +0 dagger. The kobold hits you with a +0 dagger.
You are too injured to fight recklessly!
You are too injured to fight recklessly!
You are too injured to fight recklessly!
You are too injured to fight recklessly!
There are monsters nearby!
You hit the kobold but do no damage.
The kobold is severely wounded.
The goblin hits you but does no damage. The kobold completely misses you.
You hit the kobold but do no damage.
The kobold is moderately wounded.
The goblin barely misses you. The kobold completely misses you.
You hit the kobold.
The kobold is severely wounded.
The goblin hits you with a +0 dagger. The kobold closely misses you.
You barely miss the goblin. The goblin barely misses you.
The kobold hits you but does no damage.
You hit the goblin but do no damage. The goblin barely misses you.
The kobold hits you with a +0 dagger.
* * * LOW HITPOINT WARNING * * *
You hit the goblin.
The goblin is moderately wounded.
The goblin hits you with a +0 dagger.
* * * LOW HITPOINT WARNING * * *
The kobold hits you but does no damage.
You hit the kobold but do no damage.
The kobold is severely wounded.
The goblin closely misses you. The kobold hits you with a +0 dagger.
* * * LOW HITPOINT WARNING * * *
You barely miss the kobold.
The kobold is severely wounded.
The goblin barely misses you. The kobold hits you with a +0 dagger.
You die...

#### .... ... ....
##.###### .....
#.......# .....
#.......#
......####.......#
......#..........#
...........@g....#
......#<##.K...[.#
..... ######.....#
.... ...#.# ...
...# # .. ...# .
...+ ...#


You could see a goblin and a kobold.

Vanquished Creatures
  2 bats (D:1)
  An endoplasm (D:1)
  A hobgoblin (D:1)
  2 ball pythons (D:1)
  2 frilled lizards (D:1)
8 creatures vanquished.

Notes
Turn   | Place    | Note
-------+----------+-------------------------------------------
     0 | D:1      | neetthing the Demonspawn Monk began the quest for the Orb.
     0 | D:1      | Reached XP level 1. HP: 18/18 MP: 1/1
   652 | D:2      | Slain by a kobold

Illustrated notes

Levels and vault maps discovered:
D:1:      minmay_arrival_nine_rooms, layout_basic, interstate_on_off
D:2:      layout_basic, roderic_roman_lattice

Skill      XL: |  1 |
---------------+----+-----
Unarmed Combat | 3 |  3.2
Fighting       | |  3.0
Dodging        | |  2.6

Action                     || total
---------------------------++-------
  Melee: Unarmed           ||    44
 Armour: Robe              ||    38
  Dodge: Dodged            ||    30

Table legend: (Time is in decaauts)
 A = Elapsed time spent in this place.
 B = Non-inter-level travel time spent in this place.
 C = Inter-level travel time spent in this place.
 D = Time resting spent in this place.
 E = Time spent auto-exploring this place.
 F = Levels seen in this place.
 G = Mean time per level.
                   A        B        C        D        E       F      G
               +--------+--------+--------+--------+--------+-----+--------+
         Total |    649 |    638 |     11 |      0 |    547 |   2 |  324.5 |
       Dungeon |    649 |    638 |     11 |      0 |    547 |   2 |  324.5 |
               +--------+--------+--------+--------+--------+-----+--------+

Top non-repeatable levels by time:
     D:1: 630 daAuts
     D:2: 18 daAuts
